[Event "Titled Tuesday Blitz May 03 Early 2022"]
[White "Nozdrachev, Leonid"]
[Black "Melikhov, Evgeny V."]
[WhiteFideId "24113433"]
[BlackFideId "4122046"]
[WhiteElo "2242"]
[BlackElo "1931"]
[Result "1-0"]
[Round "06"]
[TimeControl "180+1"]
[Date "2022.05.03"]
[WhiteClock "0:02:14"]
[BlackClock "0:01:42"]

1. d4 Nf6 2. Nc3 d5 3. Bf4 c5 4. e3 cxd4 5. Nb5 Qa5+ 6. b4 Qxb4+ 7. c3 dxc3 8. Nc7+ Kd8 9. Nxa8 c2+ 10. Qd2 Qb1+ 11. Qc1 Bf5 12. f3 e5 13. e4 exf4 14. Rxb1 cxb1=Q 15. Qxb1 Kc8 16. exf5 Bc5 17. Bb5 a6 18. Qc1 1-0


[Site "https://www.chess.com"]

[Event "Titled Tuesday Blitz May 03 Early 2022"]
[White "Odegov, Artem"]
[Black "Djokic, Mihailo"]
[WhiteFideId "34183644"]
[BlackFideId "976440"]
[WhiteElo "2286"]
[BlackElo "2202"]
[Result "1-0"]
[Round "06"]
[TimeControl "180+1"]
[Date "2022.05.03"]
[WhiteClock "0:01:14"]
[BlackClock "0:00:40"]

1. d4 Nf6 2. c4 g6 3. Nc3 Bg7 4. e4 d6 5. h3 O-O 6. Be3 Nc6 7. d5 Ne5 8. f4 Ned7 9. Bd3 a5 10. Nf3 c6 11. O-O cxd5 12. cxd5 e6 13. dxe6 fxe6 14. Ng5 Nc5 15. Bc4 Qe7 16. Qc2 h6 17. Nf3 Na6 18. Rad1 Kh7 19. e5 Ne8 20. Bd3 Nb4 21. Bxg6+ Kh8 22. Qf2 dxe5 23. Bc5 Qf6 24. Bxf8 Qxf8 25. Nxe5 Nf6 26. Rd8 Qxd8 27. Nf7+ Kg8 28. Nxd8 Bd7 29. Nxb7 Rf8 30. Nc5 Bc8 31. Re1 Nfd5 32. Nxd5 exd5 33. Re8 Rxe8 34. Bxe8 d4 35. Bb5 Nd5 36. Bc4 1-0


[Site "https://www.chess.com"]

[Event "Titled Tuesday Blitz May 03 Early 2022"]
[White "Oganian, Miran"]
[Black "Hansen, Eric"]
[WhiteFideId "4122488"]
[BlackFideId "2606771"]
[WhiteElo "2357"]
[BlackElo "2568"]
[Result "1-0"]
[Round "06"]
[TimeControl "180+1"]
[Date "2022.05.03"]
[WhiteClock "0:00:12"]
[BlackClock "0:00:02"]

1. e4 c5 2. Nf3 e6 3. c3 Nf6 4. e5 Nd5 5. d4 cxd4 6. cxd4 b6 7. Bc4 Bb7 8. O-O Be7 9. Bxd5 Bxd5 10. Nc3 Bb7 11. d5 exd5 12. Nxd5 O-O 13. Bf4 Nc6 14. Qd2 Re8 15. Rad1 Rc8 16. Rfe1 a5 17. a3 a4 18. Nxe7+ Qxe7 19. Qxd7 Na5 20. Qg4 Qe6 21. Qxe6 fxe6 22. Nd4 Bd5 23. Nb5 Rc2 24. Nd6 Rf8 25. Rd2 Rc6 26. Be3 Nb3 27. Rde2 h6 28. f4 h5 29. g3 Kh7 30. Rf2 Kg6 31. Ree2 Na1 32. Rf1 Nb3 33. Ref2 Kh7 34. h3 Nc5 35. Bxc5 Rxc5 36. g4 h4 37. f5 Bc6 38. Re1 Bd5 39. Ne4 Rc4 40. Ng5+ Kg8 41. f6 Rd4 42. f7+ Kh8 43. Rc1 Bc4 44. Kh2 b5 45. Rcc2 g6 46. Rxc4 Rxc4 47. Nxe6 Rxf7 48. Rxf7 Rc2+ 49. Kg1 Rxb2 50. Nf4 b4 51. e6 Kg8 52. Nd5 Rb1+ 53. Kg2 Rb2+ 54. Kf3 Rb3+ 55. Kf4 bxa3 56. Nf6+ Kh8 57. Rh7# 1-0


[Site "https://www.chess.com"]

[Event "Titled Tuesday Blitz May 03 Early 2022"]
[White "Ovezdurdyyeva, Jemal"]
[Black "Omariev, Maksim"]
[WhiteFideId "14001888"]
[BlackFideId "4193423"]
[WhiteElo "1946"]
[BlackElo "2507"]
[Result "0-1"]
[Round "06"]
[TimeControl "180+1"]
[Date "2022.05.03"]
[WhiteClock "0:00:04"]
[BlackClock "0:00:15"]

1. e4 h5 2. d4 h4 3. h3 c6 4. Nf3 d5 5. e5 Bf5 6. Bg5 Qb6 7. b3 e6 8. Bxh4 c5 9. c3 Nc6 10. Bd3 Nh6 11. Bg5 cxd4 12. Bxh6 Bxd3 13. Qxd3 Rxh6 14. cxd4 Nb4 15. Qe2 Rc8 16. Na3 Qa5 17. O-O Qxa3 18. Qb5+ Rc6 19. Rac1 Qa6 20. Qxa6 Nxa6 21. Rxc6 bxc6 22. Rc1 c5 23. a4 f6 24. exf6 gxf6 25. dxc5 Bxc5 26. Re1 Kd7 27. g4 Rxh3 28. Kg2 Rh8 29. Kg3 Nb4 30. Rd1 Bd6+ 31. Kg2 Rg8 32. Kh3 Nc6 33. Nh4 Ne5 34. Rd4 Rh8 0-1


[Site "https://www.chess.com"]

[Event "Titled Tuesday Blitz May 03 Early 2022"]
[White "Perez Molina, Robinson"]
[Black "Johnson, Ben"]
[WhiteFideId "3403882"]
[BlackFideId "2010917"]
[WhiteElo "2252"]
[BlackElo "2195"]
[Result "1-0"]
[Round "06"]
[TimeControl "180+1"]
[Date "2022.05.03"]
[WhiteClock "0:00:07"]
[BlackClock "0:00:16"]

1. e4 c5 2. Nf3 Nc6 3. Bb5 g6 4. Bxc6 bxc6 5. O-O Bg7 6. d3 e5 7. Nc3 Qc7 8. Be3 d6 9. h3 Ne7 10. Nd2 O-O 11. f4 f5 12. fxe5 Bxe5 13. Bh6 Rf7 14. Nf3 Bg7 15. Bxg7 Kxg7 16. Nh4 d5 17. exf5 Nxf5 18. Nxf5+ Bxf5 19. Qd2 Rb8 20. b3 Re8 21. Rae1 Rxe1 22. Rxe1 Qa5 23. a4 Qb4 24. Nb1 Qd4+ 25. Qe3 Qxe3+ 26. Rxe3 c4 27. Na3 cxb3 28. cxb3 Rb7 29. d4 Rb4 30. Rc3 Bd7 31. Rd3 Kf6 32. Kf2 a5 33. Ke3 Ke6 34. Nc2 Rb8 35. Ne1 Kd6 36. Nf3 c5 37. dxc5+ Kxc5 38. Rc3+ Kb4 39. Rd3 Bf5 40. Rxd5 Kxb3 41. Rxa5 Re8+ 42. Kf4 Re4+ 43. Kg5 Rxa4 44. Rxa4 Kxa4 45. Ne5 Kb4 46. g4 Be4 47. Kh6 Kc5 48. Kxh7 Kd5 49. Nxg6 Ke6 50. Kh6 Kf6 51. Nf4 Bc2 52. Nh5+ Kf7 53. h4 Bb1 54. g5 Bc2 55. Nf4 Kg8 56. g6 Bb1 57. Kg5 Bc2 58. h5 Kh8 59. h6 Bb1 60. Nd5 Be4 61. g7+ Kg8 62. Nf6+ Kf7 63. g8=Q+ 1-0


[Site "https://www.chess.com"]

[Event "Titled Tuesday Blitz May 03 Early 2022"]
[White "Peterson, Eric"]
[Black "Hart, Braeden"]
[WhiteFideId "14908395"]
[BlackFideId "30962587"]
[WhiteElo "2195"]
[BlackElo "2507"]
[Result "0-1"]
[Round "06"]
[TimeControl "180+1"]
[Date "2022.05.03"]
[WhiteClock "0:00:02"]
[BlackClock "0:00:11"]

1. e4 e5 2. Nf3 d5 3. exd5 e4 4. Qe2 Nf6 5. d3 Qxd5 6. Nbd2 Be7 7. dxe4 Qd8 8. Qd3 Nbd7 9. Be2 O-O 10. O-O Re8 11. Rd1 Bc5 12. Nb3 Nxe4 13. Nxc5 Nexc5 14. Qd2 Qe7 15. Bd3 Nxd3 16. Qxd3 Nc5 17. Qf1 Bg4 18. Re1 Qxe1 19. Qxe1 Rxe1+ 20. Nxe1 Re8 21. Bd2 Bf5 22. Kf1 h5 23. Be3 Na4 24. b3 Nb6 25. Rd1 h4 26. h3 Be4 27. c4 Bc6 28. Nd3 Rd8 29. Bg5 f6 30. Bxh4 Be4 31. Nb2 Re8 32. f3 Bc2 33. Rd2 Bb1 34. a3 Ba2 35. b4 Nxc4 36. Nxc4 Bxc4+ 37. Kf2 Bb5 38. Bg3 Re7 39. Bf4 b6 40. Be3 Kf7 41. Rd8 a5 42. bxa5 bxa5 43. Ra8 a4 44. Rc8 Rd7 45. g4 c6 46. h4 Rd3 47. Bc5 Rc3 48. Rf8+ Kg6 49. Bb4 Rc2+ 50. Kg3 c5 51. h5+ Kh7 52. Ba5 Ra2 53. Rf7 Rxa3 54. Bb6 Bc6 55. Bxc5 Rxf3+ 56. Kh4 a3 57. Bf8 Kg8 58. Rc7 a2 59. Ra7 Kxf8 60. Rxa2 Bd7 0-1


[Site "https://www.chess.com"]

[Event "Titled Tuesday Blitz May 03 Early 2022"]
[White "Petrovic, Aleksa"]
[Black "Trost, Edvin"]
[WhiteFideId "967629"]
[BlackFideId "1729519"]
[WhiteElo "2198"]
[BlackElo "2160"]
[Result "0-1"]
[Round "06"]
[TimeControl "180+1"]
[Date "2022.05.03"]
[WhiteClock "0:00:04"]
[BlackClock "0:01:01"]

1. d4 Nf6 2. c4 b6 3. Nf3 Bb7 4. g3 Bxf3 5. exf3 d5 6. Nc3 e6 7. cxd5 exd5 8. Bf4 c6 9. Bh3 Be7 10. O-O O-O 11. Ne2 Na6 12. Qa4 Nb4 13. Nc1 Bd6 14. Bd2 b5 15. Qb3 a5 16. a3 a4 17. Qc3 Na6 18. Qxc6 Nc7 19. Qc2 Ne6 20. Qd3 Rc8 21. Na2 Rc4 22. Bc3 Re8 23. Rfe1 Qb6 24. Rad1 h6 25. Re2 Ng5 26. Rxe8+ Nxe8 27. Bg2 Ne6 28. f4 Nf6 29. h4 Qc6 30. f5 Nf8 31. Bb4 N8d7 32. Bxd6 Qxd6 33. Nc3 Qc6 34. Qf3 Nb6 35. Qf4 Qe8 36. g4 b4 37. axb4 Rxb4 38. g5 hxg5 39. hxg5 Ne4 40. Nxe4 dxe4 41. Bxe4 Rxb2 42. f6 g6 43. Qh4 a3 44. Rd3 Rb1+ 45. Kg2 Re1 46. Bc6 Qxc6+ 47. d5 Nxd5 48. Qh6 Nf4+ 49. Kg3 Qg2+ 50. Kxf4 Re4# 0-1


[Site "https://www.chess.com"]

[Event "Titled Tuesday Blitz May 03 Early 2022"]
[White "Piesik, Piotr"]
[Black "Pasti, Aron"]
[WhiteFideId "1136194"]
[BlackFideId "785857"]
[WhiteElo "2190"]
[BlackElo "2133"]
[Result "1/2-1/2"]
[Round "06"]
[TimeControl "180+1"]
[Date "2022.05.03"]
[WhiteClock "0:00:08"]
[BlackClock "0:00:02"]

1. Nf3 d5 2. g3 Nf6 3. Bg2 g6 4. O-O Bg7 5. d4 O-O 6. c4 e6 7. Nc3 c6 8. Qb3 Ne4 9. Rd1 f5 10. Bf4 Nd7 11. cxd5 exd5 12. Nd2 Ndf6 13. Ndxe4 fxe4 14. Be5 Kh8 15. f3 exf3 16. exf3 Qb6 17. Re1 Bf5 18. Qxb6 axb6 19. g4 Bd7 20. Re3 b5 21. Ne2 Rfe8 22. Kf2 Kg8 23. h4 h5 24. g5 Nh7 25. Nf4 Bxe5 26. dxe5 Nf8 27. a3 Bf5 28. Rae1 Ne6 29. Kg3 Nxf4 30. Kxf4 Ra4+ 31. Kg3 Kf7 32. f4 Ke6 33. Bf1 Rd8 34. Bd3 d4 35. Bxf5+ gxf5 36. Rd3 c5 37. Red1 Rc4 38. Kf3 Rc2 39. R3d2 Rxd2 40. Rxd2 c4 41. Rg2 Rg8 42. g6 Rg7 43. Rg5 Kd5 44. Rxf5 Rxg6 45. e6+ Kxe6 46. Rxb5 Rg1 47. Rxb7 Re1 48. Rb5 Kd6 49. Rxh5 d3 50. Rh8 Kc7 51. Rh7+ Kc6 52. Rh6+ Kc5 53. Rh5+ Kc6 54. Rh6+ Kc7 55. Rh7+ Kd8 56. Rh8+ Ke7 57. Rh7+ Ke6 58. Rh6+ Kd5 59. Rh8 Kd4 60. Rd8+ Kc5 61. h5 Rh1 62. Kg4 Rg1+ 63. Kf5 Rh1 64. Kg6 Rh2 65. h6 Rxb2 66. h7 Rg2+ 67. Kf5 Rh2 68. h8=Q Rxh8 69. Rxh8 d2 70. Rc8+ Kb5 71. Rd8 c3 72. Ke6 c2 73. Rxd2 c1=Q 74. Rd5+ Ka4 75. f5 Qe3+ 76. Re5 Qb6+ 77. Kf7 Qc7+ 78. Kf6 Qd6+ 79. Re6 Qf8+ 80. Kg6 Qg8+ 81. Kf6 Kxa3 82. Ke7 Qg7+ 83. Kd6 Qf8+ 84. Ke5 Qc5+ 85. Kf6 Kb4 86. Re5 Qf8+ 87. Kg6 Qg8+ 88. Kf6 Kc4 89. Re6 Kd5 90. Re5+ Kd6 91. Re6+ Kd7 92. Re7+ Kd8 93. Re6 Qf8+ 94. Ke5 Kd7 95. Kf4 Qf7 96. Kg5 Qg7+ 97. Kf4 Qd4+ 98. Kg5 Qd2+ 99. Kg6 Qg2+ 100. Kf7 Qg4 101. Re7+ Kd6 102. f6 Qh5+ 103. Kg7 Qg5+ 104. Kf7 Qh6 105. Re6+ Kd5 106. Re7 Qh7+ 107. Kf8 Qh8+ 108. Kf7 Kd6 109. Re6+ Kd7 110. Re7+ Kd8 111. Kg6 Qg8+ 112. Rg7 Qe6 113. Re7 Qg4+ 114. Kf7 Qg5 115. Re8+ Kd7 116. Re7+ Kd6 117. Re6+ Kd5 118. Re7 Kd6 119. Re6+ Kc5 120. Ke7 Qh4 121. Kf7 Kd5 122. Re7 Kd6 123. Kg7 Qg5+ 124. Kf7 Qh5+ 125. Kg7 Qh4 126. Kg6 Qg4+ 127. Kf7 Qg5 1/2-1/2


[Site "https://www.chess.com"]

[Event "Titled Tuesday Blitz May 03 Early 2022"]
[White "Polster, Christian"]
[Black "Estrada Nieto, Julian"]
[WhiteFideId "12965081"]
[BlackFideId "5101018"]
[WhiteElo "2282"]
[BlackElo "2252"]
[Result "0-1"]
[Round "06"]
[TimeControl "180+1"]
[Date "2022.05.03"]
[WhiteClock "0:00:06"]
[BlackClock "0:01:38"]

1. e4 e5 2. Nf3 Nc6 3. Bc4 Bc5 4. O-O d6 5. c3 Nf6 6. d4 exd4 7. cxd4 Bb6 8. Nc3 O-O 9. h3 Nxe4 10. Nxe4 d5 11. Bd3 dxe4 12. Bxe4 Nxd4 13. Be3 Nxf3+ 14. Qxf3 c6 15. Rad1 Qh4 16. Bb1 Be6 17. Bxb6 axb6 18. Qe3 b5 19. Rd4 Qf6 20. Rf4 Qxb2 21. Rh4 g6 22. Re1 Bxa2 23. Qh6 Qg7 24. Bxa2 Qxh6 25. Rxh6 Rxa2 26. Re7 Rd8 27. Rxb7 Rd1+ 28. Kh2 Rxf2 29. Rh4 h5 30. Rg4 hxg4 0-1


[Site "https://www.chess.com"]

[Event "Titled Tuesday Blitz May 03 Early 2022"]
[White "Popadic, Dragan"]
[Black "Piliczewski, Bogusz"]
[WhiteFideId "913650"]
[BlackFideId "1104144"]
[WhiteElo "2203"]
[BlackElo "1896"]
[Result "1-0"]
[Round "06"]
[TimeControl "180+1"]
[Date "2022.05.03"]
[WhiteClock "0:00:38"]
[BlackClock "0:00:01"]

1. e4 c6 2. d4 d5 3. Nd2 dxe4 4. Nxe4 Bf5 5. Ng3 Bg6 6. h4 h6 7. Nf3 Nd7 8. h5 Bh7 9. Bd3 Bxd3 10. Qxd3 e6 11. Bd2 Ngf6 12. O-O-O Be7 13. Ne4 Nxe4 14. Qxe4 Nf6 15. Qe2 Qd5 16. Kb1 Qe4 17. Be3 Ng4 18. Nd2 Qf5 19. Nf1 Nxe3 20. Nxe3 Qa5 21. Qf3 Bf6 22. Ng4 Qg5 23. Ne5 Bxe5 24. dxe5 Qxe5 25. Rhe1 Qc5 26. Qb3 O-O 27. Qxb7 Qxf2 28. Qxc6 Rac8 29. Qe4 Qf5 30. Qxf5 exf5 31. b3 Rfe8 32. c4 Rxe1 33. Rxe1 Kf8 34. Kc2 f4 35. Re4 Rc5 36. b4 Rxh5 37. Rxf4 Re5 38. Kd3 g5 39. Rf2 f5 40. c5 f4 41. Kd4 Re8 42. c6 Rc8 43. Kc5 h5 44. g3 Ke7 45. gxf4 g4 46. b5 h4 47. Rg2 g3 48. a4 Ke6 49. a5 Kf5 50. b6 axb6+ 51. axb6 Kxf4 52. b7 Rb8 53. c7 1-0


[Site "https://www.chess.com"]

[Event "Titled Tuesday Blitz May 03 Early 2022"]
[White "Pourkashiyan, Atousa"]
[Black "Kohler, Aran"]
[WhiteFideId "12502014"]
[BlackFideId "1002856"]
[WhiteElo "2247"]
[BlackElo "2296"]
[Result "0-1"]
[Round "06"]
[TimeControl "180+1"]
[Date "2022.05.03"]
[WhiteClock "0:00:20"]
[BlackClock "0:00:22"]

1. e4 c6 2. Nf3 d5 3. exd5 cxd5 4. d4 a6 5. c3 Nc6 6. Bd3 Bg4 7. O-O Nf6 8. h3 Bh5 9. Re1 e6 10. Bg5 Bd6 11. Nbd2 Bg6 12. Nf1 Bxd3 13. Qxd3 h6 14. Bh4 Qc7 15. Bxf6 gxf6 16. b4 Ne7 17. a3 Rc8 18. Rac1 b5 19. Ne3 Kd7 20. a4 bxa4 21. Qxa6 Qc6 22. Qd3 Bf4 23. Rc2 Bxe3 24. Qxe3 Nf5 25. Qd2 Rhg8 26. Ra1 Ra8 27. Rca2 h5 28. Ne1 Nd6 29. Nd3 Nc4 30. Qc2 a3 31. Nc5+ Ke7 32. Qb3 Rg6 33. Re2 Rag8 34. g3 h4 35. g4 f5 36. b5 Qd6 37. Nb7 Qf4 38. Qb4+ Kf6 39. Nc5 Qf3 40. Nd7+ Kg7 41. Re3 Nxe3 42. Qd6 Qg2# 0-1


[Site "https://www.chess.com"]

[Event "Titled Tuesday Blitz May 03 Early 2022"]
[White "Pranav, V"]
[Black "Sargsyan, Anna M."]
[WhiteFideId "25060783"]
[BlackFideId "13308130"]
[WhiteElo "2349"]
[BlackElo "2271"]
[Result "1-0"]
[Round "06"]
[TimeControl "180+1"]
[Date "2022.05.03"]
[WhiteClock "0:00:44"]
[BlackClock "0:00:04"]

1. e4 e5 2. Nf3 Nc6 3. Nc3 Nf6 4. Bb5 Nd4 5. Bc4 c6 6. d3 d5 7. exd5 Bg4 8. dxc6 Bxf3 9. gxf3 bxc6 10. Rg1 Nd5 11. Be3 Bb4 12. Bd2 Qf6 13. Rg3 Bxc3 14. bxc3 Nf5 15. Kf1 Nxg3+ 16. hxg3 O-O 17. Kg2 Rab8 18. Qe2 Rfe8 19. Rh1 h6 20. Qe4 Nb6 21. Bb3 a5 22. a4 Nd7 23. Be3 Nf8 24. Rh5 Rb7 25. d4 g5 26. f4 exf4 27. Qxe8 Re7 28. Rxh6 1-0


[Site "https://www.chess.com"]

[Event "Titled Tuesday Blitz May 03 Early 2022"]
[White "Prohorov, Olexandr"]
[Black "Perez Gormaz, Matias"]
[WhiteFideId "14105578"]
[BlackFideId "3406342"]
[WhiteElo "1993"]
[BlackElo "2322"]
[Result "0-1"]
[Round "06"]
[TimeControl "180+1"]
[Date "2022.05.03"]
[WhiteClock "0:00:03"]
[BlackClock "0:00:09"]

1. Nf3 d5 2. d4 e6 3. c4 a6 4. cxd5 exd5 5. Bf4 Bd6 6. Bxd6 Qxd6 7. Nc3 Nf6 8. e3 O-O 9. Bd3 Bg4 10. h3 Bxf3 11. Qxf3 Nbd7 12. Rc1 c6 13. O-O Rfe8 14. Rfe1 Re7 15. Ne2 Rae8 16. Qf4 Qb4 17. Red1 g6 18. Rc2 Kg7 19. g4 h6 20. a3 Qb6 21. Ng3 Nf8 22. Kg2 Ne6 23. Qf3 Qd8 24. Rh1 Qd7 25. h4 Nf8 26. g5 hxg5 27. hxg5 N6h7 28. Nh5+ gxh5 29. Qxh5 f5 30. gxf6+ Nxf6 31. Qg5+ Kf7 32. Bf5 Qd8 33. Rh6 Re6 34. Rh8 Ke7 35. Qg7+ Kd6 36. Bxe6 Kxe6 37. Qxb7 N8d7 38. Qxc6+ Kf7 39. Rxe8 Qxe8 40. Qd6 Qe4+ 41. f3 Qxc2+ 42. Kg3 Qg6+ 43. Kf2 Qc2+ 44. Kg3 Qxb2 45. Qc7 Qb8 46. Qxb8 Nxb8 47. Kf4 Ke6 48. e4 Nc6 49. exd5+ Nxd5+ 50. Ke4 Nf6+ 51. Kd3 Kd5 52. Kc3 Nxd4 53. Kb4 Nc6+ 54. Ka4 Kc5 55. f4 Kc4 56. f5 Nd5 57. f6 Nc3# 0-1


[Site "https://www.chess.com"]

[Event "Titled Tuesday Blitz May 03 Early 2022"]
[White "Puccini, Jack"]
[Black "Valle Maytin, Luis Enrique"]
[WhiteFideId "3213307"]
[BlackFideId "3503666"]
[WhiteElo "2352"]
[BlackElo "2300"]
[Result "1-0"]
[Round "06"]
[TimeControl "180+1"]
[Date "2022.05.03"]
[WhiteClock "0:00:43"]
[BlackClock "0:00:18"]

1. e4 c6 2. d4 d5 3. e5 c5 4. dxc5 Nc6 5. a3 e6 6. Nf3 Bxc5 7. b4 Bb6 8. Bd3 Nge7 9. O-O Ng6 10. Bb2 O-O 11. Re1 a5 12. b5 Nce7 13. a4 Bc5 14. Nbd2 b6 15. Nb3 Qc7 16. g3 Bb7 17. Nbd4 Rfc8 18. h4 Nf8 19. h5 h6 20. c3 Nd7 21. Qe2 Re8 22. Nh4 Rac8 23. Rac1 Rcd8 24. Rc2 Nc8 25. Bc1 Bf8 26. Nb3 Nc5 27. Nxc5 bxc5 28. c4 d4 29. Qg4 Kh8 30. Ng6+ Kg8 31. Bxh6 fxg6 32. Qxg6 Ne7 33. Qh7+ Kf7 34. Bg5 Rd7 35. Bg6+ Nxg6 36. hxg6# 1-0


[Site "https://www.chess.com"]

[Event "Titled Tuesday Blitz May 03 Early 2022"]
[White "Rabineau, Clement"]
[Black "Legenia, Artem"]
[WhiteFideId "628891"]
[BlackFideId "14136945"]
[WhiteElo "2237"]
[BlackElo "1936"]
[Result "1/2-1/2"]
[Round "06"]
[TimeControl "180+1"]
[Date "2022.05.03"]
[WhiteClock "0:00:07"]
[BlackClock "0:00:12"]

1. e4 d5 2. d3 dxe4 3. dxe4 Qxd1+ 4. Kxd1 g6 5. Be3 Nc6 6. c3 Bg7 7. f3 f5 8. Nd2 Nf6 9. Bd3 fxe4 10. Nxe4 Ne5 11. Bc2 Be6 12. Kc1 O-O-O 13. Nc5 Bd5 14. Ne2 b6 15. Nb3 Nxf3 16. gxf3 Bxf3 17. Re1 Ng4 18. Bd2 Nxh2 19. Nbd4 Bxe2 20. Rxe2 Bxd4 21. cxd4 Nf3 22. Bc3 Nxd4 23. Bxd4 Rxd4 24. Bb3 Rf8 25. Kc2 e5 26. Rh1 h5 27. Rg1 Rd6 28. Rgg2 Re8 29. Kc3 e4 30. Bc2 e3 31. Bd3 Re5 32. Bxg6 h4 33. Bh5 Rxh5 34. Rxe3 Rc5+ 35. Kb4 Rd4+ 36. Kb3 a5 37. a3 a4+ 38. Ka2 Kb7 39. Rh2 Rcc4 40. Reh3 Rg4 41. Rf2 Ka6 42. Rf5 c6 43. Rh5 b5 44. Rh2 c5 45. Rh1 b4 46. axb4 cxb4 47. Re1 Rc6 48. Ree5 b3+ 49. Ka3 Rg1 50. Ra5+ Kb6 51. Rxa4 Ra1+ 52. Kxb3 Rxa4 53. Kxa4 Rc4+ 54. b4 Rg4 55. Rb5+ Kc6 56. Rh5 Kb6 57. Rh6+ Kb7 58. Ka5 Kc7 59. Rh7+ Kc6 60. b5+ Kc5 61. Rc7+ Kd6 62. Rh7 Kc5 63. Rh5+ Kd6 64. b6 Kc6 65. Rh6+ Kb7 66. Rh7+ Kb8 67. Kb5 Rg5+ 68. Ka6 Rg8 69. Rxh4 Kc8 70. Rh7 Kb8 71. Rc7 Rg2 72. Rb7+ Kc8 73. Ra7 Ra2+ 74. Kb5 Rxa7 75. bxa7 Kb7 76. Kc5 Kxa7 1/2-1/2


[Site "https://www.chess.com"]

[Event "Titled Tuesday Blitz May 03 Early 2022"]
[White "Ramirez Vido, Robert Yorisan"]
[Black "Shuvalov, Evgenij"]
[WhiteFideId "3513823"]
[BlackFideId "4187237"]
[WhiteElo "2300"]
[BlackElo "2130"]
[Result "1/2-1/2"]
[Round "06"]
[TimeControl "180+1"]
[Date "2022.05.03"]
[WhiteClock "0:00:35"]
[BlackClock "0:00:11"]

1. Nf3 Nf6 2. g3 g6 3. Bg2 Bg7 4. O-O O-O 5. d4 d5 6. Nbd2 c6 7. c3 a5 8. Ne5 Nfd7 9. Nd3 e5 10. dxe5 Nxe5 11. Nxe5 Bxe5 12. e4 dxe4 13. Nxe4 Qxd1 14. Rxd1 Bg4 15. f3 Be6 16. Bh6 Bg7 17. Bxg7 Kxg7 18. Nc5 Bc8 19. f4 Re8 20. Re1 Kf8 21. Rxe8+ Kxe8 22. Re1+ Kd8 23. Rd1+ Kc7 24. Re1 Nd7 25. Nxd7 Kxd7 26. Bh3+ Kd8 27. Bxc8 Rxc8 28. Re5 b6 29. Kf2 Rc7 30. Ke3 Rd7 31. b4 a4 32. Re4 Kc7 33. c4 Rd1 34. Re7+ Rd7 35. Rxd7+ Kxd7 36. g4 Ke6 37. Kd4 h5 38. h3 hxg4 39. hxg4 f6 40. b5 cxb5 41. cxb5 g5 42. f5+ Kd6 43. a3 Ke7 44. Kd5 Kd7 45. Kc4 Kc7 46. Kb4 Kd6 47. Kxa4 Kc5 48. Kb3 Kxb5 49. a4+ Kc5 50. Kc3 Kd5 51. Kb4 Kc6 52. Kc4 Kd6 53. Kd4 Kc6 54. Kc4 Kd6 55. Kb5 Kc7 56. Kb4 Kc6 57. Kc4 1/2-1/2


[Site "https://www.chess.com"]

[Event "Titled Tuesday Blitz May 03 Early 2022"]
[White "Ratnakaran, K."]
[Black "Mirzoev, Azer"]
[WhiteFideId "5005507"]
[BlackFideId "13400304"]
[WhiteElo "2407"]
[BlackElo "2525"]
[Result "0-1"]
[Round "06"]
[TimeControl "180+1"]
[Date "2022.05.03"]
[WhiteClock "0:00:53"]
[BlackClock "0:00:27"]

1. e4 d5 2. exd5 Qxd5 3. Nf3 Nf6 4. Nc3 Qa5 5. Bc4 c6 6. d4 Bg4 7. h3 Bh5 8. g4 Bg6 9. Qe2 Nbd7 10. Bd2 e6 11. O-O-O Bb4 12. Bxe6 fxe6 13. Qxe6+ Kd8 14. g5 Re8 15. Qb3 Nd5 16. Nxd5 Bxd2+ 17. Nxd2 cxd5 18. Rhe1 Kc7 19. Nf3 Rxe1 20. Rxe1 Be4 21. Rd1 Rf8 22. Nd2 Bg6 23. h4 Kb8 24. Re1 Qc7 25. c3 Qd6 26. f3 a6 27. a4 Rf4 28. a5 Rxh4 29. Qd1 Rh2 30. Re3 Rg2 31. Qe1 Rxg5 32. b4 Rg2 33. Kb2 Qf4 34. Ka3 Ka7 35. Nb3 Qf5 36. Re7 Qc2 37. Qa1 Bf5 38. b5 axb5 39. Kb4 Qd3 40. a6 Qc4+ 41. Ka3 Qa4# 0-1


[Site "https://www.chess.com"]

[Event "Titled Tuesday Blitz May 03 Early 2022"]
[White "Reprintsev, Alexander"]
[Black "Silvestre, Christian"]
[WhiteFideId "14100541"]
[BlackFideId "30956269"]
[WhiteElo "2108"]
[BlackElo "2354"]
[Result "0-1"]
[Round "06"]
[TimeControl "180+1"]
[Date "2022.05.03"]
[WhiteClock "0:00:12"]
[BlackClock "0:00:13"]

1. e4 c6 2. Nc3 d5 3. Nf3 a6 4. d4 Bg4 5. h3 Bxf3 6. Qxf3 e6 7. Bd2 Nf6 8. O-O-O dxe4 9. Nxe4 Nxe4 10. Qxe4 Qd5 11. Qxd5 cxd5 12. c4 dxc4 13. Bxc4 Nd7 14. Kb1 Nb6 15. Be2 Nd5 16. Bf3 O-O-O 17. Ba5 Rd7 18. Rc1+ Kb8 19. Rc4 Be7 20. Rhc1 Bg5 21. R1c2 Bf4 22. g3 Bg5 23. Bxd5 Rxd5 24. Bc7+ Ka7 25. Be5 Bf6 26. f4 Bxe5 27. dxe5 Rd3 28. R2c3 Rhd8 29. Rc7 R3d7 30. Kc2 Kb6 31. R7c4 Rd2+ 32. Kb3 Rg2 33. Rb4+ Ka7 34. g4 Rdd2 35. Ka3 a5 36. Rb5 Ka6 37. Rcb3 Rd7 38. Rb6+ Ka7 39. Ka4 Rf2 40. Kxa5 Rxf4 41. R6b5 Rdd4 42. R3b4 Rxb4 43. Rxb4 Rf3 44. h4 Re3 45. Rb5 Re4 46. g5 Rxh4 47. Rb3 Re4 48. Rf3 Rxe5+ 49. Kb4 Rf5 50. Rh3 Rxg5 51. Rxh7 Kb6 52. a4 Rg4+ 53. Ka3 Rg6 54. b4 e5 55. Kb3 f5 56. Kc4 e4 57. Kd4 Re6 58. Ke3 Rg6 59. Rh5 Rf6 60. Kf4 g6 61. Rh1 Rd6 62. Rg1 Rc6 63. b5 Re6 64. Ra1 Ka5 65. Ra3 b6 66. Ra1 e3 67. Kf3 e2 68. Re1 Kxa4 69. Kf4 Kxb5 70. Kg5 Kc4 0-1


[Site "https://www.chess.com"]

[Event "Titled Tuesday Blitz May 03 Early 2022"]
[White "Rosen, Eric"]
[Black "Cunjalo, Faris"]
[WhiteFideId "2032562"]
[BlackFideId "14410710"]
[WhiteElo "2362"]
[BlackElo "2263"]
[Result "0-1"]
[Round "06"]
[TimeControl "180+1"]
[Date "2022.05.03"]
[WhiteClock "0:00:01"]
[BlackClock "0:00:02"]

1. d4 Nf6 2. Bf4 g6 3. Nc3 d5 4. e3 c6 5. h4 Qb6 6. Rb1 Bg7 7. Nf3 c5 8. Nb5 Na6 9. c3 O-O 10. a4 Bf5 11. Ra1 Ne4 12. Be2 Rfc8 13. h5 Qd8 14. Ne5 Nb8 15. g4 Be6 16. f3 Nd6 17. hxg6 hxg6 18. Bd3 Nc6 19. Qe2 Ne8 20. Qh2 Nf6 21. Bh6 Qf8 22. Bg5 Qd8 23. f4 a6 24. f5 Nxe5 25. dxe5 Bd7 26. exf6 exf6 27. Qh7+ Kf8 28. Bh6 Bxh6 29. Qxh6+ Ke7 30. Na3 g5 31. Nc2 Qb6 32. Rb1 Rh8 33. Qxh8 Rxh8 34. Rxh8 Bxa4 35. Kd2 Qd6 36. Rh3 Bc6 37. Re1 Kd7 38. Kc1 Kc7 39. Rh7 Qe7 40. e4 dxe4 41. Bc4 Kb6 42. Rxf7 Qe5 43. Ne3 Qg3 44. Re2 Qe5 45. Rf8 Ka7 46. Rd8 Qf4 47. Kd2 Qe5 48. Bd5 Bb5 49. c4 Qxb2+ 50. Ke1 Qa1+ 51. Kf2 Ba4 52. Rf8 Kb6 53. Rxf6+ Bc6 54. Bxc6 bxc6 55. Nd5+ Ka5 56. Rxc6 Qd4+ 57. Ne3 Qe5 58. Re6 Qf4+ 59. Ke1 Qg3+ 60. Kd2 Kb4 61. Rb6+ Ka5 62. f6 Kxb6 63. f7 Qd6+ 64. Ke1 Qg3+ 65. Rf2 Qxe3+ 66. Kf1 Qh3+ 67. Ke1 Qc3+ 68. Kf1 Qxc4+ 0-1


[Site "https://www.chess.com"]

[Event "Titled Tuesday Blitz May 03 Early 2022"]
[White "Rustemov, Alexander"]
[Black "Al-Tarboush, Ward"]
[WhiteFideId "4119002"]
[BlackFideId "7601450"]
[WhiteElo "2724"]
[BlackElo "2276"]
[Result "0-1"]
[Round "06"]
[TimeControl "180+1"]
[Date "2022.05.03"]
[WhiteClock "0:00:28"]
[BlackClock "0:01:02"]

1. d4 d5 2. c4 c6 3. Nc3 Nf6 4. e3 e6 5. Nf3 Nbd7 6. Qc2 Bd6 7. Bd2 O-O 8. O-O-O dxc4 9. Bxc4 b5 10. Bd3 b4 11. Ne4 Nxe4 12. Bxe4 Nf6 13. Bxc6 Rb8 14. Kb1 Ba6 15. Rc1 Qb6 16. Qa4 Rfc8 17. h3 h6 18. e4 Bd3+ 19. Ka1 Nxe4 20. Be3 Qd8 21. Qd1 Rxc6 22. Rxc6 Bb5 23. Rc1 Qa5 24. Qc2 f5 25. b3 Nc3 26. Bd2 Nd5 27. Rhe1 Bd7 28. Ne5 Be8 29. Nc4 Qd8 30. Rxe6 Bf8 31. Qxf5 Nc3 32. Bxc3 bxc3 33. Qd3 Bf7 34. Re3 a5 35. Ne5 Bd5 36. Rxc3 a4 37. Nc4 axb3 38. axb3 Ra8+ 39. Kb2 Qf6 40. Re5 Qa6 41. Kc1 Qa1+ 42. Kd2 Ra2+ 43. Rc2 Bb4+ 44. Ke2 Qe1# 0-1


[Site "https://www.chess.com"]